 Dungeon Crawl Stone Soup version 0.24.1-1-gd1d2a07e1b (webtiles) character file.

Game seed: 2339147454330509559, levelgen mode: deterministic

33389 viiviliisa the Fighter (level 13, -2/124 HPs)
             Began as a Minotaur Fighter on Apr 8, 2020.
             Was a High Priest of Makhleb.
             Slain by a seven-headed hydra (7 damage)
             ... on level 6 of the Lair of Beasts.
             The game lasted 00:58:02 (18072 turns).

viiviliisa the Fighter (Minotaur Fighter)          Turns: 18072, Time: 00:58:03

Health: -2/124     AC: 25    Str: 29    XL:     13   Next: 36%
Magic:  0/18       EV: 11    Int:  5    God:    Makhleb [*****.]
Gold:   265        SH:  0    Dex: 10    Spells: 12/12 levels left

rFire    + + .     SeeInvis .   G - +2 mace (protect)
rCold    . . .     Gourm    .   (no shield)
rNeg     . . .     Faith    .   l - +0 chain mail
rPois    +         Spirit   +   H - +1 hat of Divine Compulsion {rF++ rCorr}
rElec    .         Reflect  .   i - scarf {Spirit}
rCorr    +         Harm     .   a - +2 pair of gloves {Str+3}
MR       .....                  v - +0 pair of boots
Stlth    ..........             F - amulet of rage
HPRegen  0.30/turn              h - ring of flight
MPRegen  0.16/turn              Q - ring of poison resistance

@: protection aura
A: retaliatory headbutt, horns 2
a: Minor Destruction, Lesser Servant of Makhleb, Major Destruction, Greater
Servant of Makhleb, Renounce Religion, Evoke Berserk Rage, Evoke Flight


You were on level 6 of the Lair of Beasts.
You worshipped Makhleb.
Makhleb was extremely pleased with you.
You were not hungry.

You visited 3 branches of the dungeon, and saw 16 of its levels.

You collected 1110 gold pieces.
You spent 845 gold pieces at shops.

Inventory:

Hand Weapons
 k - a +3 quarterstaff of chaos
 y - a +7 spear
 G - a +2 mace of protection (weapon)
 R - a +1 battleaxe of chopping
 S - a +2 war axe of flaming
Missiles
 A - 6 boomerangs (quivered)
 D - 2 silver boomerangs
Armour
 a - a +2 pair of gloves of strength (worn)
 b - a +1 scale mail
 c - a +0 shield
 i - a scarf of spirit shield (worn)
 l - a +0 chain mail (worn)
 p - a +2 cloak of poison resistance
 v - a +0 pair of boots (worn)
 H - the +1 hat of Divine Compulsion (worn) {rF++ rCorr}
   (You bought it in a shop on level 9 of the Dungeon)

   It greatly protects you from fire.
   It provides partial protection from all sources of acid and corrosion.
Jewellery
 h - a ring of flight (left hand)
 F - an amulet of rage (around neck)
 Q - a ring of poison resistance (right hand)
Wands
 d - a wand of digging (6)
 q - a wand of flame (19)
 x - a wand of polymorph (10)
 P - a wand of iceblast (5)
Scrolls
 g - 3 scrolls of immolation
 j - 4 scrolls of enchant armour
 m - 8 scrolls of remove curse
 C - 2 scrolls of teleportation
 M - 2 scrolls of enchant weapon
 O - a scroll of summoning {unknown}
Potions
 n - 2 potions of magic
 o - 2 potions of curing
 r - a potion of berserk rage
 s - 2 potions of brilliance
 u - a potion of ambrosia
 w - 2 potions of agility
 z - a potion of might
 B - a potion of haste
 I - a potion of degeneration
 J - a potion of lignification
Comestibles
 f - 27 rations


   Skills:
 + Level 14.2 Fighting
 - Level 8.6(9.2) Maces & Flails
 - Level 4.9(5.9) Polearms
 - Level 4.8(8.1) Staves
 - Level 8.7 Throwing
 - Level 12.9 Armour
 + Level 5.5 Dodging
 - Level 3.6 Shields
 + Level 8.0 Invocations
 - Level 5.1 Evocations


You had 12 spell levels left.
You didn't know any spells.
Your spell library was empty.

Dungeon Overview and Level Annotations

Branches:
Dungeon (9/15)             Temple (1/1) D:5            Lair (6/6) D:8
 Shoals (0/4) Lair:4       Spider (0/4) Lair:3        Slime (0/5) Lair:6
    Orc (0/2) D:9

Altars:
Ashenzari
Cheibriados
Dithmenos
Elyvilon
Fedhas
Hepliaklqana
Kikubaaqudgha
Makhleb
Nemelex Xobeh
Okawaru
Qazlal
Ru
Trog
Uskayaw
Vehumet
Wu Jian
Xom
Yredelemnul
Zin
The Shining One
Jiyva

Shops:
D:5 *   D:9 }([

Portals:
Ice
Cave: Lair:6


Innate Abilities, Weirdness & Mutations

You reflexively headbutt those who attack you in melee.
You have a pair of horns on your head.


Message History

You barely miss the seven-headed hydra. You headbutt the seven-headed hydra.
The seven-headed hydra is severely wounded.
The ice beast hits you but does no damage. x2
The seven-headed hydra bites you but does no damage.
The seven-headed hydra bites you.
* * * LOW HITPOINT WARNING * * *
The seven-headed hydra bites you but does no damage. x2
The seven-headed hydra barely misses you.
The seven-headed hydra bites you but does no damage.
The seven-headed hydra misses you.
You bludgeon the seven-headed hydra!!
The seven-headed hydra is almost dead.
The ice beast hits you.
* * * LOW HITPOINT WARNING * * *
The ice beast freezes you.
* * * LOW HITPOINT WARNING * * *
The ice beast barely misses you. The seven-headed hydra bites you!
* * * LOW HITPOINT WARNING * * *
The seven-headed hydra bites you!
You die...

**,,,....,,.........,,,,,,,,,
*,,,,#.P.P*.P.......,*,*,,,,,
*,,,*#P...##......#,,,**,*,,,
*,,,,##..#.......#*,,***,*,,,
*,,,*#...........#,,,,<,,,,,,
**,,,,#.....#(....#,,,,,,,,,,,
*,,,,,.....#.....##*,,,,,,,+,,
**,,,,.#....#YD..# **.#,,,**,,
*,,*.#.#...#@Y..# *P.#,,,*,,,
**,*...#...#....###.P.*,,,*,,
*,,..................,,,,,,,
**,,..................Y,,,,,,
*,,,..................PYY...,
*,,,...................P....,
*,,,...#..........#..PP#...,.
*,,*....#.####...##*,....##.#
**,,,.#..#.,*#.....####....#.#


You could see a seven-headed hydra and 2 ice beasts.

Vanquished Creatures
  Rupert (Lair:3)
  6 hydras
  3 death yaks (Lair:3)
  A two-headed ogre (D:9)
  Pikel (D:6)
  2 black mambas (Lair:3)
  11 spiny frogs
  3 rime drakes
  3 komodo dragons
  A queen bee (Lair:2)
  Grinder (D:5)
  2 hornets (D:9)
  11 dream sheep
  4 polar bears
  5 blink frogs
  Prince Ribbit (D:7)
  4 hippogriffs
  Sigmund (D:2)
  A wyvern (Lair:5)
  25 yaks
  A basilisk (Lair:4)
  Edmund (D:6)
  A soldier ant (D:9)
  19 water moccasins
  5 porcupines
  2 slaves (D:6)
  3 orc warriors
  2 sky beasts
  6 ice beasts
  4 phantoms
  9 wolves
  2 centaurs
  3 ogres
  12 crocodiles
  10 bullfrogs
  A water moccasin skeleton (D:4)
  5 scorpions
  18 killer bees (Lair:2)
  18 wights
  A vampire bat (D:6)
  3 howler monkeys
  3 crimson imps
  4 centaur zombies
  A hound (D:6)
  4 jellies
  Crazy Yiuf (D:2)
  2 orc priests
  A centaur skeleton (D:9)
  7 orc wizards
  Ijyb (D:3)
  Natasha (thrice) (D:2)
  3 iguanas
  3 worker ants
  A killer bee zombie (D:6)
  A hound zombie (D:6)
  3 hound skeletons
  Robin (D:2)
  8 gnolls
  8 adders
  2 adder zombies
  An adder skeleton (D:7)
  2 worms (D:2)
  8 dart slugs
  5 leopard geckos
  28 orcs
  A ball python (D:2)
  5 giant cockroaches
  16 goblins
  8 hobgoblins
  18 jackals
  5 kobolds
  5 quokkas
  17 bats
  6 frilled lizards
  A quokka skeleton (D:3)
  A quokka zombie (D:7)
  6 rats
  2 fungi (D:2)
405 creatures vanquished.

Vanquished Creatures (collateral kills)
  A tarantella (Lair:3)
  A water moccasin (Lair:3)
  An ice beast (Lair:6)
  7 killer bees (Lair:2)
10 creatures vanquished.

Vanquished Creatures (others)
  13 fungi
  7 plants
20 creatures vanquished.

Grand Total: 435 creatures vanquished

Notes
Turn   | Place    | Note
-------+----------+-------------------------------------------
     0 | D:1      | viiviliisa the Minotaur Fighter began the quest for the
                  | Orb.
     0 | D:1      | Reached XP level 1. HP: 19/19 MP: 0/0
   129 | D:1      | Reached skill level 4 in Fighting
   129 | D:1      | Reached XP level 2. HP: 19/27 MP: 1/1
   279 | D:1      | Reached XP level 3. HP: 32/34 MP: 2/2
   665 | D:2      | Noticed Robin
   672 | D:2      | Killed Robin
   672 | D:2      | Reached XP level 4. HP: 8/41 MP: 3/3
   682 | D:2      | Reached skill level 5 in Armour
   683 | D:2      | Reached skill level 5 in Fighting
   935 | D:2      | Found a runed translucent door.
   936 | D:2      | Noticed Crazy Yiuf
   947 | D:2      | Killed Crazy Yiuf
  1149 | D:2      | Noticed Sigmund
  1161 | D:2      | Killed Sigmund
  1161 | D:2      | Reached XP level 5. HP: 34/50 MP: 2/4
  1321 | D:2      | Reached skill level 6 in Fighting
  1321 | D:2      | Reached XP level 6. HP: 57/57 MP: 5/5
  1362 | D:2      | Noticed Natasha
  1370 | D:2      | Killed Natasha
  1403 | D:2      | Noticed Natasha
  1406 | D:2      | Killed Natasha
  1577 | D:2      | Noticed Natasha
  1582 | D:2      | Killed Natasha
  1726 | D:3      | Noticed Ijyb
  1731 | D:3      | Killed Ijyb
  2005 | D:3      | Noticed Terence
  2012 | D:3      | Noticed Terence
  2012 | D:3      | Terence changed into Terence the goblin
  2015 | D:3      | Killed Terence the goblin
  2603 | D:4      | Found a sparkling altar of Nemelex Xobeh.
  2697 | D:4      | Reached XP level 7. HP: 36/64 MP: 4/6
  2934 | D:4      | Reached skill level 7 in Fighting
  3424 | D:5      | Entered Level 5 of the Dungeon
  3523 | D:5      | Reached XP level 8. HP: 62/74 MP: 5/7
  3684 | D:5      | Reached skill level 8 in Fighting
  3757 | D:5      | Found a staircase to the Ecumenical Temple.
  3777 | Temple   | Entered the Ecumenical Temple
  4002 | Temple   | Became a worshipper of Makhleb the Destroyer
  4085 | D:5      | Noticed Grinder
  4115 | D:5      | Found Mocigemo's Assorted Antiques.
  4119 | D:5      | Killed Grinder
  4119 | D:5      | Reached skill level 1 in Invocations
  4190 | D:5      | Found an iron altar of Okawaru.
  4439 | D:6      | Reached skill level 1 in Throwing
  4486 | D:6      | Noticed Pikel
  4489 | D:6      | Noticed Edmund
  4550 | D:6      | Killed Pikel
  4550 | D:6      | Reached skill level 9 in Fighting
  4550 | D:6      | Reached XP level 9. HP: 65/83 MP: 6/10
  4565 | D:6      | Killed Edmund
  4813 | D:6      | Found a hide-covered altar of Uskayaw.
  4918 | D:6      | Reached * piety under Makhleb
  5522 | D:7      | Found a shimmering altar of Xom.
  5796 | D:7      | Found a snail-covered altar of Cheibriados.
  5813 | D:7      | Reached ** piety under Makhleb
  6147 | D:7      | Found a radiant altar of Vehumet.
  6187 | D:7      | Noticed Prince Ribbit
  6198 | D:7      | Killed Prince Ribbit
  6198 | D:7      | Reached skill level 10 in Fighting
  6221 | D:7      | Reached skill level 10 in Armour
  6702 | D:8      | Found a blossoming altar of Fedhas.
  6765 | D:8      | Found a bloodstained altar of Trog.
  6837 | D:8      | Reached XP level 10. HP: 92/93 MP: 12/12
  6844 | D:8      | Reached skill level 5 in Invocations
  6950 | D:8      | Found a staircase to the Lair.
  7357 | D:9      | Found Zinainor's Gadget Shop.
  7405 | D:9      | Reached skill level 1 in Maces & Flails
  7468 | D:9      | Reached skill level 5 in Throwing
  7544 | D:9      | Reached *** piety under Makhleb
  7557 | D:9      | Found Sasmu's Armour Shoppe.
  7600 | D:9      | Found a staircase to the Orcish Mines.
  7600 | D:9      | Found Fori's Weapon Shoppe.
  7643 | D:9      | Bought the +1 hat of Divine Compulsion {rF++ rCorr} for 508
                  | gold pieces
  7705 | D:9      | Paralysed by a hornet for 3 turns
  8082 | D:9      | Reached skill level 11 in Fighting
  8106 | D:9      | Noticed a two-headed ogre
  8118 | D:9      | Killed a two-headed ogre
  8537 | D:9      | Found a glowing golden altar of the Shining One.
  8537 | D:9      | Found an ornate altar of the Wu Jian Council.
  8752 | Lair:1   | Entered Level 1 of the Lair of Beasts
  9045 | Lair:1   | Reached XP level 11. HP: 102/102 MP: 14/14
  9494 | Lair:1   | Noticed a six-headed hydra
  9508 | Lair:1   | Killed a six-headed hydra
  9508 | Lair:1   | Reached skill level 5 in Maces & Flails
 10526 | D:9      | Bought a +0 pair of boots for 58 gold pieces
 10868 | Lair:2   | Noticed a seven-headed hydra
 10943 | Lair:2   | Reached skill level 1 in Evocations
 10990 | Lair:2   | Reached **** piety under Makhleb
 11421 | Lair:2   | Killed a seven-headed hydra
 11955 | Lair:2   | Reached skill level 12 in Fighting
 13125 | Lair:3   | Reached XP level 12. HP: 108/112 MP: 16/16
 13200 | Lair:3   | Noticed Rupert
 13210 | Lair:3   | Killed Rupert
 13235 | Lair:3   | Found a hole to the Spider Nest.
 13819 | Lair:3   | Noticed a six-headed hydra
 13831 | Lair:3   | Killed a six-headed hydra
 14564 | Lair:4   | Found a staircase to the Shoals.
 14914 | Lair:4   | Noticed a death yak
 14928 | Lair:4   | Noticed a death yak
 14930 | Lair:4   | Noticed a death yak
 14945 | Lair:3   | Killed a death yak
 14945 | Lair:3   | Reached skill level 13 in Fighting
 15216 | Lair:3   | Killed a death yak
 15216 | Lair:3   | Reached skill level 5 in Evocations
 15226 | Lair:3   | Killed a death yak
 15624 | Lair:5   | Reached skill level 1 in Dodging
 15631 | Lair:5   | Reached ***** piety under Makhleb
 15677 | Lair:5   | Noticed an eight-headed hydra
 15687 | Lair:5   | Killed an eight-headed hydra
 16123 | Lair:5   | Reached XP level 13. HP: 122/122 MP: 17/17
 17464 | D:9      | Bought a +2 pair of gloves of strength for 279 gold pieces
 17625 | Lair:6   | Entered Level 6 of the Lair of Beasts
 17660 | Lair:6   | Found an ornate altar of the Wu Jian Council.
 17820 | Lair:6   | Found a viscous altar of Jiyva.
 17820 | Lair:6   | Found a staircase to the Slime Pits.
 17850 | Lair:6   | Reached skill level 14 in Fighting
 17907 | Lair:6   | Reached skill level 5 in Dodging
 18050 | Lair:6   | Found a frozen archway.
 18072 | Lair:6   | HP: 5/124 [seven-headed hydra (10)]
 18072 | Lair:6   | Slain by a seven-headed hydra

Levels and vault maps discovered:
D:1:      evilmike_arrival_rings, layout_rooms, minmay_vboxes
D:2:      layout_loops_ring, uniq_robin, uniq_crazy_yiuf_cottage, uniq_sigmund,
          uniq_natasha
D:3:      layout_basic, chequers_serial_rivers_large_b, uniq_terence, uniq_ijyb
D:4:      layout_loops_ring, nemelex_xobeh_ov_fountains_minmay, first_ration
D:5:      layout_basic, kennysheep_mini_moat,
          minmay_temple_entry_drinking_statues, serial_shops,
          nicolae_shop_competitors_out_of_business,
          hangedman_abyss_or_decor_stabs, st_stairs_7, uniq_grinder
D:6:      layout_cave_pods, overflow_temple_1_default, roderic_batcave,
          chequers_serial_rivers_micro_e, kennysheep_boxes, uniq_edmund,
          uniq_pikel
D:7:      layout_basic, xom_teletrap_fun, lemuel_crystal_altar,
          vehumet_crystals, uniq_prince_ribbit1
D:8:      layout_basic, lightli_temple_of_fire, lemuel_crystal_altar,
          lair_entry_dummy
D:9:      layout_roguey, amethyst_overflow_temple_binary, orc_david_3,
          serial_shops, nicolae_shop_crystal, hangedman_pestilent_swarm
Temple:   minmay_temple_forest_path
Lair:1:   layout_regular_city, grunt_megastairs_1
Lair:2:   layout_hall_layers, special_room [special_room_bee]
Lair:3:   layout_gridlike, spider_nest_entry_rubble, cheibrodos_lair_lostbears,
          uniq_rupert
Lair:4:   layout_roguey, elwin_shoals_entry_rooms, lemuel_fruit_fields
Lair:5:   layout_layer_cave, chequers_serial_rivers_room_b,
          kennysheep_catoblepas_arena, grunt_megastairs_5,
          infiniplex_staircase_pool_2
Lair:6:   due_jungle_book, layout_regular_city, slime_altar_1,
          portal_ice_cave_entry_ice_beasts, basic_altar

Skill      XL: |  1  2  3  4  5  6  7  8  9 10 11 12 13 |
---------------+----------------------------------------+-----
Fighting       | 4 5 6 7 9 10 11 12 13 14 | 14.2
Armour         | 4 5 6 7 9 10 11 12 | 12.9
Staves         | 2 3 4 |  4.8
Polearms       | 3 4 |  4.9
Invocations    | 3 4 6 7 8 |  8.0
Throwing       | 2 4 6 7 8 |  8.7
Maces & Flails | 4 7 8 |  8.6
Evocations     | 3 5 |  5.1
Dodging        | 3 5 |  5.5
Shields        | |  3.6

Action                   |  1- 3 |  4- 6 |  7- 9 | 10-12 | 13-15 || total
-------------------------+-------+-------+-------+-------+-------++-------
Melee: Trident           |    99 |    24 |       |       |       ||   123
       Headbutt          |    15 |    21 |    62 |   163 |    38 ||   299
       Quarterstaff      |       |   113 |    28 |       |       ||   141
       Spear             |       |       |   332 |   497 |   173 ||  1002
       Unarmed           |       |       |     3 |       |       ||     3
       Morningstar       |       |       |       |   127 |       ||   127
       Mace              |       |       |       |    75 |    21 ||    96
Throw: Boomerang         |       |       |       |    45 |    14 ||    59
Invok: Lesser Servant of |       |       |       |     3 |     2 ||     5
       Major Destruction |       |       |       |       |     1 ||     1
Evoke: Wand              |       |       |       |     2 |       ||     2
  Use: Potion            |     1 |       |       |    10 |       ||    11
       Scroll            |       |     8 |     3 |     4 |     9 ||    24
 Stab: Paralysed         |       |     3 |       |       |       ||     3
       Petrifying        |       |       |     2 |       |       ||     2
  Eat: Chunk             |       |     3 |     6 |     6 |     1 ||    16
       Ration            |       |     1 |     2 |     7 |     2 ||    12
Armor: Scale mail        |    58 |    37 |   117 |   255 |       ||   467
       Chain mail        |       |       |       |   178 |   153 ||   331
Dodge: Dodged            |    38 |    41 |   129 |   380 |   109 ||   697
Block: Shield            |    57 |     6 |       |       |       ||    63
